 Dungeon Crawl Stone Soup version 0.31-a0-1522-g43313d8a59 (webtiles) character file.

Game seed: 14168540835564911381

11006 pokeman the Eclecticist (level 11, 0/63 (64) HPs)
             Began as a Deep Elf Hedge Wizard on Dec 31, 2023.
             Was a Priest of Vehumet.
             Shot with an arrow by a centaur warrior (14 damage)
             ... on level 11 of the Dungeon.
             The game lasted 00:33:03 (12474 turns).

pokeman the Eclecticist (Deep Elf Hedge Wizard)    Turns: 12474, Time: 00:33:04

HP:   0/63 (64)     AC: 10    Str: 10    XL:     11   Next: 43%
MP:   33/33         EV: 13    Int: 24    God:    Vehumet [***...]
Gold: 806           SH:  0    Dex: 14    Spells: 35/43 levels left

rFire   . . .        S - -2 demon whip (venom)
rCold   . . .        (no shield)
rNeg    . . .        E - +0 steam dragon scales
rPois   .            c - +0 hat
rElec   .            y - +0 cloak
rCorr   .            R - +1 pair of gloves {Str+3}
SInv    +            o - +0 pair of boots
Will    +....        (no amulet)
Stlth   ++           a - ring of see invisible
HPRegen 0.30/turn    B - ring of wizardry
MPRegen 0.23/turn

%: wizardry (x1)
@: lightly drained
A: no striking features
a: Renounce Religion


You were on level 11 of the Dungeon.
You worshipped Vehumet.
Vehumet was most pleased with you.
You visited 2 branches of the dungeon, and saw 12 of its levels.
You also visited: Sewer and Ossuary.

You collected 806 gold pieces.

Inventory:

Hand Weapons
 G - a +3 quarterstaff of chaos
 S - a -2 demon whip of venom (weapon)
Missiles
 D - 3 throwing nets
Armour
 c - a +0 hat (worn)
 o - a +0 pair of boots (worn)
 y - a +0 cloak (worn)
 E - +0 steam dragon scales (worn)
 K - a +2 robe of resistance
 R - a +1 pair of gloves of strength (worn)
 T - +0 acid dragon scales
Magical Staves
 b - a staff of air
Jewellery
 a - a ring of see invisible (left hand)
 B - a ring of wizardry (right hand)
 F - a ring of ice
 N - an amulet of magic regeneration
 O - a +6 ring of intelligence
 U - an amulet of faith
Wands
 r - a wand of acid (2)
 s - a wand of flame (13)
 z - a wand of paralysis (20)
 H - a wand of polymorph (13)
 P - a wand of iceblast (9)
Scrolls
 e - 9 scrolls of teleportation {unknown}
 g - 2 scrolls of acquirement {unknown}
 h - 3 scrolls of fog {unknown}
 i - 2 scrolls of enchant armour {unknown}
 j - 4 scrolls of amnesia {unknown}
 k - 2 scrolls of revelation {unknown}
 n - a scroll of summoning {unknown}
 q - 3 scrolls of enchant weapon {unknown}
 t - 6 scrolls of identify {unknown}
 u - 2 scrolls of blinking {unknown}
 A - 4 scrolls of noise {unknown}
 J - 2 scrolls of silence {unknown}
Potions
 d - 4 potions of magic
 f - 6 potions of curing {unknown}
 l - 3 potions of heal wounds {unknown}
 m - 2 potions of attraction {unknown}
 p - a potion of haste {unknown}
 v - 2 potions of lignification {unknown}
 w - 4 potions of enlightenment
 x - 4 potions of mutation
 C - 3 potions of resistance {unknown}
 I - a potion of invisibility {unknown}
 L - a potion of might {unknown}
 M - a potion of cancellation {unknown}
 Q - 3 potions of ambrosia


   Skills:
 + Level 5.4 Fighting
 - Level 5.0 Armour
 - Level 3.0 Dodging
 - Level 3.0 Stealth
 * Level 16.6 Spellcasting
 + Level 9.9 Conjurations
 - Level 1.1 Summonings
 - Level 1.1 Translocations
 - Level 1.1 Air Magic
 - Level 1.1 Alchemy
 - Level 1.2 Evocations


You had 35 spell levels left.
You knew the following spells:

 Your Spells              Type           Power      Damage    Failure   Level
a - Magic Dart            Conj           100%       1d8       1%          1
b - Mephitic Cloud        Conj/Alch/Air  39%        N/A       1%          3
c - Call Imp              Summ           50%        N/A       1%          2
d - Blink                 Tloc           50%        N/A       1%          2

Your spell library contained the following spells:

 Spells                   Type           Power      Damage    Failure   Level
 Volatile Blastmotes      Fire/Tloc      44%        2d13      1%          3
 Slow                     Hex            76%        N/A       1%          1
 Cigotuvi's Dreadful Rot  Necr/Alch/Air  46%        N/A       1%          2
 Searing Ray              Conj           100%       2d8       1%          2
 Sublimation of Blood     Necr           19%        N/A       1%          2
 Frozen Ramparts          Ice            38%        1d6       1%          3
 Fulminant Prism          Conj/Alch      23%        3d12      1%          4
 Leda's Liquefaction      Alch/Erth      11%        N/A       9%          4
 Petrify                  Alch/Erth      22%        N/A       9%          4
 Alistair's Intoxication  Alch           16%        N/A       19%         5
 Eringya's Noxious Bog    Alch           12%        4d6       24%         6
 Borgnjor's Vile Clutch   Necr/Erth      9%         N/A       28%         5
 Metabolic Englaciation   Hex/Ice        9%         N/A       28%         5
 Summon Hydra             Summ           12%        N/A       99%         7


Dungeon Overview and Level Annotations

Branches:
Dungeon (11/15)            Temple (1/1) D:6            Lair (0/5) D:10
  Sewer (visited)         Ossuary (visited)
    Orc: D:9-12

Altars:
Ashenzari
Cheibriados
Dithmenos
Elyvilon
Fedhas
Gozag
Hepliaklqana
Kikubaaqudgha
Makhleb
Nemelex Xobeh
Okawaru
Qazlal
Ru
Sif Muna
Trog
Uskayaw
Vehumet
Wu Jian
Xom
Yredelemnul
Zin
The Shining One

Shops:
D:4 [(

Portals:
Trove: D:10 (give 16 potions of curing)

Annotations:
D:11 Harold, Josephine


Message History

You can't see any susceptible monsters within range! (Use Z to cast anyway.) Unknown command.
Casting: Magic Dart (safe; 1% risk of failure)
Confirm with . or Enter, or press ? or * to list all spells.
You can't see any susceptible monsters within range! (Use Z to cast anyway.) Unknown command.
Magic restored.
There is an open door here.
You see here a howler monkey corpse.
You see here a +1 ring mail of fire resistance.
V - a +1 ring mail of fire resistance You drop a +1 ring mail of fire resistance.
You open the door.
There is an open door here.
You open the door.
Found a potion of degeneration.
There is an open door here.
You now have 806 gold pieces (gained 17).
An orc comes into view. It is wielding a +0 flail.
The orc shouts!
Casting: Magic Dart (safe; 1% risk of failure)
Confirm with . or Enter, or press ? or * to list all spells.
Aiming: Magic Dart (safe; 1% risk of failure)
Press: ? - help, Shift-Dir - straight line, f - orc
Aim: an orc, wielding a +0 flail (100% to hit)
The magic dart hits the orc!
You kill the orc!
Vehumet accepts your kill.
You feel your power returning.
A centaur warrior comes into view.
The centaur warrior wields a +0 orcbow.
The centaur warrior shoots an arrow.
The arrow hits you!!
The centaur warrior shoots an arrow.
The arrow closely misses you.
The centaur warrior shoots an arrow.
The arrow hits you!
You start resting.
A centaur warrior is nearby!
The centaur warrior shoots an arrow.
The arrow hits you!!
* * * LOW HITPOINT WARNING * * *
The centaur warrior shoots an arrow.
The arrow hits you!
You die...

#.....#..... .
#.....#....##..
#..............
#.......c.$..8.
#..............
#...........#
#...........#
#...........#
#....@#....##
#.....#....#
###..
#.....#....#
......
#.....#....#
......
#.....#....#
.....
#.....#..>.#
.....
#.....#....+
..#
#.....#....#
..#
#.....#....#


You could see a centaur warrior.

Vanquished Creatures
  3 two-headed ogres
  Amaemon (D:9)
  Maurice (D:8)
  An orange demon (D:9)
  A troll (D:10)
  Sigmund (D:2)
  A wraith (D:10)
  22 yaks
  A shadow (D:10)
  2 wyverns
  5 steam dragons
  A water moccasin (D:7)
  4 sky beasts
  2 black bears
  3 centaurs
  A tengu (D:10)
  2 ogres
  A weeping skull (Ossuary)
  3 kobold brigands
  A phantom (D:5)
  A brain worm (Sewer)
  3 bullfrogs
  3 scorpions (D:5)
  2 burial acolytes (Ossuary)
  4 howler monkeys
  6 crimson imps (D:6)
  A gnoll bouda (D:8)
  3 hounds
  2 jellies
  Crazy Yiuf (D:6)
  2 orc priests
  2 iguanas (D:6)
  Ijyb (D:4)
  8 orc wizards
  3 hound zombies (Ossuary)
  2 mummies (Ossuary)
  10 adders
  3 gnolls (D:8)
  5 river rats
  2 shadow imps
  4 white imps
  4 ufetubi
  2 dart slugs
  6 ribbon worms
  26 orcs
  12 bats
  5 endoplasms
  3 giant cockroaches
  10 goblins
  3 hobgoblins
  6 jackals
  7 quokkas
  10 ball pythons
  3 frilled lizards
  2 gnoll zombies (Ossuary)
  13 kobolds
  6 orc zombies (Ossuary)
  10 rats
253 creatures vanquished.

Vanquished Creatures (collateral kills)
  A white imp (D:6)
1 creature vanquished.

Vanquished Creatures (others)
  A crimson imp (D:6)
1 creature vanquished.

Grand Total: 255 creatures vanquished

Notes
Turn   | Place    | Note
-------+----------+-------------------------------------------
     0 | D:1      | pokeman the Deep Elf Hedge Wizard began the quest for the
                  | Orb.
     0 | D:1      | Reached XP level 1. HP: 10/10 MP: 7/7
   288 | D:1      | Reached XP level 2. HP: 16/16 MP: 5/9
   707 | D:1      | Found a faded altar of an unknown god.
  1309 | D:2      | Reached skill level 5 in Spellcasting
  1348 | D:2      | Noticed Sigmund
  1501 | D:2      | Reached XP level 3. HP: 20/20 MP: 8/11
  1505 | D:2      | Learned a level 3 spell: Mephitic Cloud
  1508 | D:2      | Learned a level 2 spell: Call Imp
  1511 | D:2      | Learned a level 2 spell: Blink
  1512 | D:2      | Identified the +0 robe of Ojim {Dex+4 Stlth+}
  1664 | D:2      | Killed Sigmund
  1665 | D:2      | Reached skill level 1 in Fighting
  1665 | D:2      | Reached skill level 1 in Armour
  1665 | D:2      | Reached skill level 6 in Spellcasting
  1665 | D:2      | Reached XP level 4. HP: 18/26 MP: 2/14
  1665 | D:2      | Reached XP level 5. HP: 21/30 MP: 2/15
  2977 | D:4      | Found Coem Est's Weapon Emporium.
  3015 | D:4      | Found Jigh's Armour Shoppe.
  3262 | D:4      | Reached XP level 6. HP: 31/35 MP: 4/17
  3305 | D:4      | Found a glowing drain.
  3312 | Sewer    | Entered a sewer
  3866 | Sewer    | Reached skill level 7 in Spellcasting
  4126 | Sewer    | Reached skill level 1 in Air Magic
  4126 | Sewer    | Reached skill level 1 in Alchemy
  4126 | Sewer    | Reached skill level 1 in Evocations
  4483 | D:4      | Noticed Ijyb
  4484 | D:4      | Paralysed by Ijyb for 3 turns
  4502 | D:4      | Killed Ijyb
  4503 | D:4      | Reached XP level 7. HP: 36/39 MP: 18/20
  4535 | D:4      | Found a sparkling altar of Nemelex Xobeh.
  5229 | D:5      | Entered Level 5 of the Dungeon
  5234 | D:5      | Found a stormy altar of Qazlal.
  5275 | D:5      | Reached skill level 8 in Spellcasting
  5702 | D:5      | Reached skill level 9 in Spellcasting
  5717 | D:5      | Reached XP level 8. HP: 26/44 MP: 12/23
  5883 | D:5      | Found a shimmering blue altar of Sif Muna.
  6340 | D:6      | Found a staircase to the Ecumenical Temple.
  6351 | D:6      | Reached skill level 5 in Conjurations
  6357 | D:6      | Reached skill level 10 in Spellcasting
  6370 | Temple   | Entered the Ecumenical Temple
  6392 | Temple   | Became a worshipper of Vehumet
  6442 | D:6      | Reached skill level 11 in Spellcasting
  6551 | D:6      | Reached XP level 9. HP: 51/51 MP: 17/26
  6715 | D:6      | Found a runed translucent door.
  6716 | D:6      | Noticed Crazy Yiuf
  6734 | D:6      | Killed Crazy Yiuf
  7490 | D:7      | Found a sand-covered staircase.
  7494 | Ossuary  | Entered an ossuary
  7768 | Ossuary  | Reached * piety under Vehumet
  7768 | Ossuary  | Offered knowledge of Sandblast by Vehumet.
  8047 | Ossuary  | Reached skill level 12 in Spellcasting
  8805 | D:7      | Offered knowledge of Kiss of Death by Vehumet.
  9050 | D:8      | Reached skill level 13 in Spellcasting
  9063 | D:8      | Reached ** piety under Vehumet
  9239 | D:8      | Reached XP level 10. HP: 56/56 MP: 27/29
  9240 | D:8      | Noticed Maurice
  9261 | D:8      | Killed Maurice
  9431 | D:8      | Found a burning altar of Makhleb.
  9566 | D:8      | Found an ancient bone altar of Kikubaaqudgha.
  9894 | D:9      | Noticed a two-headed ogre
  9913 | D:9      | Killed a two-headed ogre
  9914 | D:9      | Reached skill level 14 in Spellcasting
 10129 | D:9      | Reached skill level 5 in Armour
 10285 | D:9      | Noticed an orange demon
 10286 | D:9      | Noticed a two-headed ogre
 10303 | D:9      | Killed a two-headed ogre
 10304 | D:9      | Reached skill level 15 in Spellcasting
 10306 | D:9      | Killed an orange demon
 10405 | D:9      | Noticed Amaemon
 10427 | D:9      | Killed Amaemon
 10428 | D:9      | Reached XP level 11. HP: 26/62 MP: 27/32
 10787 | D:9      | Offered knowledge of Volatile Blastmotes by Vehumet.
 10982 | D:9      | Found a bloodstained altar of Trog.
 11133 | D:9      | Found a broken altar of Ashenzari.
 11293 | D:10     | Entered Level 10 of the Dungeon
 11321 | D:10     | Reached *** piety under Vehumet
 11339 | D:10     | Reached skill level 16 in Spellcasting
 11352 | D:10     | Reached skill level 5 in Fighting
 11459 | D:10     | Found a staircase to the Lair.
 11502 | D:10     | Found a portal to a secret trove of treasure.
 11830 | D:10     | Noticed a two-headed ogre
 11857 | D:10     | Killed a two-headed ogre
 12159 | D:11     | Noticed Josephine
 12174 | D:11     | Noticed Harold
 12467 | D:11     | Noticed a centaur warrior
 12474 | D:11     | Shot with an arrow by a centaur warrior

Illustrated notes

Levels and vault maps discovered:
D:1:      wheals_arrival_shading, layout_basic,
          dreamdust_ecumenical_altar_hidden_monk_grotto, corexii_hall_statues_l
D:2:      layout_rooms, uniq_sigmund
D:3:      layout_loops_cross, serial_co_window_serial, co_window_paths_a,
          co_window_cross_1, co_window_cross_1, co_window_corner_a,
          co_window_of_opportunity_a, co_window_paths_b, co_window_broadway_c,
          co_window_unsneaky_path_d, co_window_cross_2, glass_columns_c,
          glass_columns_a, glass_columns_a, glass_columns_c
D:4:      layout_basic, mainiacjoe_overflow_catwalk, lightli_sewer_entry_pipes,
          serial_shops, nicolae_shop_real_fake_doors, nicolae_stop_n_shop_1,
          uniq_ijyb
D:5:      layout_cave_pools, mainiacjoe_overflow_catwalk_spiral
D:6:      layout_basic, minmay_temple_entry_poolview, minmay_nine_imps,
          uniq_crazy_yiuf_cottage
D:7:      layout_rooms, lightli_ossuary_entry_decrepit_ruins, feat_on_display
D:8:      layout_rooms, mainiacjoe_overflow_concentric_impassable,
          nicolae_kikubaaqudgha_miasma_corner, serial_library_hellmonk_u_bend,
          uniq_maurice
D:9:      layout_loops_ring, trog_hazing_becter, general_overflow_altar,
          blue_anna_alchemist, uniq_amaemon
D:10:     layout_cave_pools, dpeg_oklobed_lair, enter_trove_0
D:11:     layout_grid_maze, david_orc_2, uniq_harold, uniq_josephine
Temple:   bh_familiar_temple

Skill      XL: |  1  2  3  4  5  6  7  8  9 10 11 |
---------------+----------------------------------+-----
Spellcasting   | 5 6 7 9 11 13 15 16 | 16.6
Fighting       | 1 2 3 4 5 |  5.4
Armour         | 1 2 3 4 5 |  5.0
Conjurations   | 2 3 4 6 7 9 |  9.9
Stealth        | 3 |  3.0
Dodging        | 3 |  3.0
Air Magic      | 1 |  1.1
Alchemy        | 1 |  1.1
Evocations     | 1 |  1.2
Summonings     | |  1.1
Translocations | |  1.1

Action                     |  1- 3 |  4- 6 |  7- 9 | 10-12 || total
---------------------------+-------+-------+-------+-------++-------
  Melee: Dagger            |    17 |    80 |   248 |    63 ||   408
         Punch             |       |       |     4 |     2 ||     6
         Demon whip        |       |       |       |    78 ||    78
   Cast: Magic Dart        |    60 |   123 |   269 |   132 ||   584
         Mephitic Cloud    |     3 |     8 |    28 |    29 ||    68
         Blink             |       |     1 |     3 |     7 ||    11
         Call Imp          |       |       |     2 |     1 ||     3
  Evoke: Wand              |       |       |     7 |    14 ||    21
   Stab: Confused          |       |     6 |    26 |    17 ||    49
         Sleeping          |       |     1 |     1 |       ||     2
         Paralysed         |       |       |       |     8 ||     8
 Armour: Robe              |     5 |    36 |    43 |       ||    84
         Steam dragon scal |       |       |   122 |    88 ||   210
  Dodge: Dodged            |    11 |    66 |   195 |   112 ||   384

Table legend: (Time is in decaauts)
 A = Elapsed time spent in this place.
 B = Non-inter-level travel time spent in this place.
 C = Inter-level travel time spent in this place.
 D = Time resting spent in this place.
 E = Time spent auto-exploring this place.
 F = Levels seen in this place.
 G = Mean time per level.
                   A        B        C        D        E       F      G
               +--------+--------+--------+--------+--------+-----+--------+
         Total |  12719 |  12369 |    350 |    381 |   9691 |  14 |  908.5 |
       Dungeon |  10659 |  10350 |    309 |    381 |   7986 |  11 |  969.0 |
        Temple |     43 |      2 |     41 |      0 |      0 |   1 |   43.0 |
         Sewer |   1208 |   1208 |      0 |      0 |   1035 |   1 | 1208.0 |
       Ossuary |    807 |    807 |      0 |      0 |    670 |   1 |  807.0 |
               +--------+--------+--------+--------+--------+-----+--------+

Top non-repeatable levels by time:
     D:9: 1431 daAuts
     D:4: 1351 daAuts
     D:1: 1337 daAuts
   Sewer: 1208 daAuts
     D:6: 1189 daAuts
    D:10: 1105 daAuts
     D:3: 1036 daAuts
     D:5: 929 daAuts
     D:7: 812 daAuts
 Ossuary: 807 daAuts
     D:8: 761 daAuts
     D:2: 599 daAuts
    D:11: 104 daAuts
  Temple: 43 daAuts
